cohdb
Replays
Latest Replays
All Replays
Popular Replays
Top Player Replays
Match Explorer
How It Works
Community
CoH3 Stats
Reddit
Sign in to upload your games and track your stats! →
Sign in with Steam
Match 35447553
Unlisted
Match 35447553
Overview
Messages
Build Orders
End
Panzergrenadier Squad
Selects Battlefield Espionage Battlegroup
Selects Sector Subterfuge Beacon
Panzergrenadier Squad
Panzergrenadier Squad
Construct Light Support Kompanie
2.5-tonne Medical Truck
Selects Transfer Depots
Fire Support Elements
Panzerjäger Squad
le.IG 18 Mechanized Group
Flakvierling Half-track
Veteran Squad Leaders
Pak 38 Anti-tank Gun Team
Selects Firestorm
Selects 250/3 Funkpanzerwagen
Construct Panzerarmee Kommand
Pak 38 Anti-tank Gun Team
Selects Anti-Tank Incendiary Munitions
Walking Stuka Rocket Launcher
Selects Operation Skorpion
Panzerjäger Squad
Assault Grenadier Squad
Roel
TigerTankTony
Troyan Xenophon
DibbeTC
Mad Mac
jimmy82lao
0
0
Comments
sign in to comment!
No comments posted yet!